 Dungeon Crawl Stone Soup version 0.30-a0-571-gdf30a72648 (webtiles) character file.

Game seed: 12102412906906198849

63847 bmack86 the Severer (level 14, -8/129 HPs)
             Began as a Minotaur Fighter on Dec 29, 2022.
             Was a High Priest of Okawaru.
             Mangled by Kirke (17 damage)
             ... on level 12 of the Dungeon on Dec 30, 2022.
             The game lasted 01:05:50 (15487 turns).

bmack86 the Severer (Minotaur Fighter)             Turns: 15487, Time: 01:05:51

Health: -8/129     AC:  0    Str: 24    XL:     14   Next: 69%
Magic:  19/19      EV: 13    Int:  5    God:    Okawaru [*****.]
Gold:   2171       SH:  0    Dex: 12    Spells: 13/13 levels left

rFire   . . .      SeeInvis .    (weapon currently unavailable)
rCold   . . .      Faith    .    (shield currently unavailable)
rNeg    . . .      Spirit   .    (body armour currently unavailable)
rPois   .          Reflect  .    (helmet currently unavailable)
rElec   .          Harm     .    (cloak currently unavailable)
rCorr   .          Rampage  .    (gloves currently unavailable)
Will    +....                    (boots currently unavailable)
Stlth   +                        b - amulet of regeneration
HPRegen 1.21/turn                (ring currently unavailable)
MPRegen 0.16/turn                (ring currently unavailable)

@: pig-form, studying Stealth, very quick
A: fast, no casting, small, (horns 2), (retaliatory headbutt)
a: Renounce Religion, Heroism, Finesse, Duel


You were on level 12 of the Dungeon.
You worshipped Okawaru.
Okawaru was extremely pleased with you.
You were a filthy swine.
You visited 3 branches of the dungeon, and saw 18 of its levels.

You collected 2171 gold pieces.

Inventory:

Hand Weapons
 a - a +1 war axe of electrocution
 n - a +4 broad axe of flaming (melded)
Missiles
 g - 11 boomerangs (quivered)
 G - 3 throwing nets
 L - 3 javelins
 M - 10 silver javelins
Armour
 d - the +0 pair of gloves "Bysyl" (melded) {rElec Regen+}
   (You found it on level 4 of the Dungeon)

   rElec:     It insulates you from electricity.
   Regen:     It increases your rate of health regeneration.
 h - a +2 pair of boots (melded)
 p - a +1 tower shield of positive energy
 q - +0 fire dragon scales
 t - a +2 buckler (melded)
 y - the +2 pair of boots of Virtue {rElec rF++ Str-5 Dex-3}
   (Okawaru gifted it to you on level 11 of the Dungeon)

   Str:       It affects your strength (-5).
   Dex:       It affects your dexterity (-3).
   rF:        It greatly protects you from fire.
   rElec:     It insulates you from electricity.
 B - a +0 plate armour (melded)
 D - a +2 hat (melded)
 V - a +0 cloak (melded)
Jewellery
 b - an amulet of regeneration (around neck)
 f - an amulet of magic regeneration
 l - a ring of wizardry
 A - a +5 ring of evasion (melded)
 S - a ring of fire
Wands
 m - a wand of flame (11)
Scrolls
 o - 11 scrolls of blinking
 u - 7 scrolls of teleportation
 w - 2 scrolls of identify
 T - 2 scrolls of magic mapping
 U - 2 scrolls of silence
 W - 2 scrolls of fear
Potions
 i - 9 potions of curing
 j - 2 potions of invisibility
 k - 2 potions of berserk rage
 r - 2 potions of magic
 s - 4 potions of ambrosia
 F - 3 potions of brilliance
 J - a potion of haste
 O - a potion of mutation
 R - 2 potions of cancellation
Miscellaneous
 X - a piece from Xom's chessboard (15/15)


   Skills:
 + Level 13.1 Fighting
 * Level 17.4 Axes
 + Level 9.0 Throwing
 + Level 13.0 Armour
 + Level 12.9 Shields
 + Level 9.1 Invocations


You had 13 spell levels left.
You didn't know any spells.
Your spell library contained the following spells:

 Spells                   Type           Power      Damage    Failure   Level
 Apportation              Tloc           0%         N/A       47%         1
 Magic Dart               Conj           0%         1d3       47%         1
 Necrotise                Necr           0%         1d4       47%         1
 Blink                    Tloc           0%         N/A       63%         2
 Ensorcelled Hibernation  Hex/Ice        0%         N/A       63%         2
 Momentum Strike          Conj/Tloc      0%         3d8       63%         2
 Passwall                 Tmut/Erth      0%         N/A       63%         2
 Searing Ray              Conj           0%         2d4       63%         2
 Hailstorm                Conj/Ice       0%         3d3       85%         3
 Inner Flame              Hex/Fire       0%         N/A       85%         3
 Lesser Beckoning         Tloc           0%         N/A       85%         3
 Swiftness                Air            0%         N/A       85%         3
 Airstrike                Air            0%         2d(0-16)  99%         4
 Anguish                  Hex/Necr       0%         N/A       99%         4
 Cause Fear               Hex            0%         N/A       99%         4
 Fulminant Prism          Conj/Hex       0%         3d5       99%         4
 Ice Form                 Ice/Tmut       0%         N/A       99%         4
 Lightning Bolt           Conj/Air       0%         1d11      100%        5
 Eringya's Noxious Bog    Tmut/Pois      0%         N/A       100%        6
 Enfeeble                 Hex            0%         N/A       100%        7
 Discord                  Hex            0%         N/A       100%        8
 Summon Small Mammal      Summ           Unusable   N/A       N/A         1
 Summon Lightning Spire   Summ/Air       Unusable   N/A       N/A         4
 Summon Forest            Summ/Tloc      Unusable   N/A       N/A         5
 Simulacrum               Ice/Necr       Unusable   N/A       N/A         6
 Summon Hydra             Summ           Unusable   N/A       N/A         7

Dungeon Overview and Level Annotations

Branches:
Dungeon (12/15)            Temple (1/1) D:7            Lair (5/5) D:11
 Shoals (0/4) Lair:3        Snake (0/4) Lair:2        Slime (0/5) Lair:4
    Orc (0/2) D:11

Altars:
Cheibriados
Dithmenos
Fedhas
Gozag
Hepliaklqana
Makhleb
Nemelex Xobeh
Okawaru
Qazlal
Ru
Sif Muna
Trog
Uskayaw
Wu Jian
Xom
Yredelemnul
Zin
The Shining One
Jiyva

Shops:
D:7 (

Annotations:
D:12 Kirke


Innate Abilities, Weirdness & Mutations

You are a filthy swine.
You move quickly.
Your equipment is almost entirely melded.
You are incapable of wielding weapons or throwing items.
You cannot cast spells.
((You have a pair of horns on your head.))
((You reflexively headbutt those who attack you in melee.))


Message History

Kirke is almost dead.
You closely miss the manticore. Kirke gestures at you while chanting.
You turn into a filthy swine.
Your +4 broad axe of flaming melds into your body.
Your +0 cloak melds into your body.
Your +2 hat melds into your body.
The +0 pair of gloves "Bysyl" {rElec Regen+} melds into your body.
Your +2 pair of boots melds into your body.
Your +2 buckler melds into your body.
Your +0 plate armour melds into your body.
Your +5 ring of evasion melds into your body.
Your +4 broad axe of flaming stops flaming.
The skeletal warrior hits you from afar with a +0 halberd!
The skeletal warrior closely misses you.
The manticore completely misses you. The manticore claws you.
The manticore claws you!
You bite Kirke!
Kirke is almost dead.
Kirke closely misses you.
The skeletal warrior hits you from afar with a +0 halberd. x2
The manticore closely misses you. The manticore barely misses you.
The manticore misses you.
You bite Kirke!
Kirke is almost dead.
Kirke gestures at you while chanting.
You struggle to resist.
The skeletal warrior barely misses you.
The skeletal warrior hits you from afar with a +0 halberd!!
You completely miss Kirke.
Kirke is almost dead.
The manticore closely misses you. The manticore misses you. x2
The skeletal warrior hits you with a +0 halberd.
The skeletal warrior hits you with a +0 halberd!!
* * * LOW HITPOINT WARNING * * *
Kirke hits you!!
* * * LOW HITPOINT WARNING * * *
A boulder beetle comes into view.
There is a stone staircase leading up, spattered with blood here.
The boulder beetle curls into a ball and begins rolling!
Kirke hits you!
You die...

#. #............. #.#####
#...........#
####.....####..........
#...........##.##..#.####
#.........#(.)..h..))....
#.....B..##.##...).##.
##.†z9h.z..hC.z†))....
#..zz###...##.....[..
#..Ch# #..###........
#..@H# ##..#.C##.....
#....# #....## ..#..
##..... ...... ..#..
#.........#..# ... .
##.....h..##.# #...
##.#..## #....# #..#.#


You could see Kirke, a boulder beetle (rolling), 3 skeletal warriors, a
manticore (summoned), a cyclops, a hog and a gargoyle.

Vanquished Creatures
  2 dire elephants (Lair:5)
  Snorg (Lair:5)
  A fire dragon (Lair:5)
  Fannar (D:11)
  Harold (D:11)
  5 hydras
  3 catoblepae (Lair:5)
  3 two-headed ogres
  A boulder beetle (Lair:1)
  Urug (D:11)
  6 death yaks
  Lodul (D:10)
  2 skeletal warriors (D:12)
  A lindwurm (Lair:5)
  An oklob plant (Lair:5)
  A cyclops (D:12)
  2 manticores (Lair:5)
  2 merfolk sirens (Lair:3)
  6 torpor snails
  10 cane toads
  12 elephants
  3 black mambas
  A rime drake (Lair:1)
  8 komodo dragons
  3 meliai (D:12)
  4 polar bears
  3 trolls
  4 tyrant leeches (Lair:5)
  8 hornets
  22 blink frogs
  2 merfolk (Lair:3)
  7 dream sheep
  10 spriggans
  A shadow (D:10)
  3 wraiths
  10 wyverns
  58 yaks
  A vampire (D:10)
  Menkaure (D:4)
  2 steam dragons
  Eustachio (D:4)
  5 hogs
  7 vampire mosquitoes
  5 basilisks
  4 nagas (Lair:2)
  An acid dragon (D:11)
  16 water moccasins
  2 orc warriors (D:7)
  3 sky beasts
  11 ogres
  4 centaurs
  2 wolves
  2 phantoms
  2 kobold brigands
  10 bullfrogs
  2 scorpions
  4 troll zombies (D:11)
  14 killer bees
  A howler monkey (D:9)
  9 jellies
  11 orc priests
  3 gnoll boudas
  3 hounds
  2 iguanas (D:4)
  A hell rat (D:11)
  12 orc wizards
  4 ogre zombies (D:11)
  12 gnolls
  11 adders
  A shadow imp (D:7)
  An ufetubus (D:5)
  5 worms
  4 dart slugs
  42 orcs
  11 endoplasms
  4 giant cockroaches
  6 goblins
  5 hobgoblins
  3 quokkas
  2 training dummies (D:5)
  7 ball pythons
  8 bats
  5 frilled lizards
  2 goblin zombies (D:11)
  A hobgoblin skeleton (D:11)
  3 hobgoblin zombies (D:11)
  19 kobolds
  4 orc skeletons (D:11)
  15 orc zombies (D:11)
  8 rats
  A bush (Lair:5)
  A butterfly (Lair:1)
536 creatures vanquished.

Vanquished Creatures (others)
  A dream sheep (Lair:5)
  18 fungi
  35 plants
54 creatures vanquished.

Grand Total: 590 creatures vanquished

Notes
Turn   | Place    | Note
-------+----------+-------------------------------------------
     0 | D:1      | bmack86 the Minotaur Fighter began the quest for the Orb.
     0 | D:1      | Reached XP level 1. HP: 19/19 MP: 0/0
    91 | D:1      | Reached XP level 2. HP: 16/27 MP: 1/1
   234 | D:1      | Reached skill level 3 in Axes
   520 | D:1      | Reached XP level 3. HP: 33/33 MP: 2/2
  1190 | D:2      | Reached XP level 4. HP: 38/40 MP: 3/3
  1553 | D:3      | Reached skill level 4 in Axes
  1597 | D:3      | Reached XP level 5. HP: 25/47 MP: 4/4
  1940 | D:3      | Noticed an ogre
  1948 | D:3      | Reached skill level 5 in Axes
  1950 | D:3      | Killed an ogre
  1951 | D:3      | Reached skill level 5 in Fighting
  1951 | D:3      | Reached XP level 6. HP: 56/56 MP: 5/5
  2314 | D:3      | Found a sparkling altar of Nemelex Xobeh.
  2471 | D:4      | Reached skill level 5 in Armour
  2471 | D:4      | Reached skill level 5 in Shields
  2529 | D:4      | Found an opulent altar of Gozag.
  2918 | D:4      | Noticed Menkaure
  2925 | D:4      | Killed Menkaure
  2926 | D:4      | Reached skill level 6 in Axes
  2926 | D:4      | Reached XP level 7. HP: 58/61 MP: 6/6
  3128 | D:4      | Noticed a moth of wrath
  3132 | D:4      | Found a bloodstained altar of Trog.
  3241 | D:4      | Noticed Eustachio
  3246 | D:4      | Killed Eustachio
  3427 | D:4      | Found a basalt altar of Yredelemnul.
  3432 | D:4      | Found a glowing golden altar of the Shining One.
  3538 | D:4      | Identified the +0 pair of gloves "Bysyl" {rElec Regen+}
  3793 | D:4      | Noticed an angel
  3832 | D:5      | Entered Level 5 of the Dungeon
  3841 | D:5      | Reached skill level 7 in Axes
  3928 | D:5      | Found a shadowy altar of Dithmenos.
  3947 | D:5      | Reached XP level 8. HP: 30/70 MP: 7/7
  4248 | D:6      | Reached skill level 8 in Axes
  4731 | D:7      | Found a staircase to the Ecumenical Temple.
  4738 | Temple   | Entered the Ecumenical Temple
  4782 | Temple   | Became a worshipper of Warmaster Okawaru
  5055 | D:5      | Reached skill level 9 in Axes
  5085 | D:5      | You fall into a shaft and drop 1 floor!
  5523 | D:7      | Reached XP level 9. HP: 49/79 MP: 8/8
  5574 | D:7      | Reached * piety under Okawaru
  5945 | D:7      | Reached skill level 1 in Throwing
  5945 | D:7      | Reached skill level 1 in Invocations
  5952 | D:7      | Found Zykk's Weapon Emporium.
  6236 | D:8      | Reached skill level 10 in Axes
  6530 | D:8      | Reached ** piety under Okawaru
  6551 | D:8      | Found a hide-covered altar of Uskayaw.
  7289 | D:9      | Reached XP level 10. HP: 72/88 MP: 9/11
  7571 | D:9      | Reached skill level 11 in Axes
  7957 | D:10     | Entered Level 10 of the Dungeon
  7974 | D:10     | Reached *** piety under Okawaru
  8062 | D:10     | Found a stormy altar of Qazlal.
  8155 | D:10     | Identified the +9 trident of the Doomed Warrior {elec,
                  | Drain Str+8 SInv Stlth-}
  8183 | D:10     | Noticed Lodul
  8199 | D:10     | Killed Lodul
  8395 | D:10     | Noticed a two-headed ogre
  8406 | D:10     | Killed a two-headed ogre
  8406 | D:10     | Reached **** piety under Okawaru
  8407 | D:10     | Reached skill level 12 in Axes
  8415 | D:10     | Found a shimmering altar of Xom.
  8604 | D:10     | Reached XP level 11. HP: 85/97 MP: 13/13
  8828 | D:11     | Noticed Urug
  8828 | D:11     | Noticed a two-headed ogre
  8832 | D:11     | Noticed a death yak
  8838 | D:11     | Noticed a two-headed ogre
  8840 | D:11     | Killed a two-headed ogre
  8845 | D:11     | Killed Urug
  8846 | D:11     | Noticed a death yak
  8852 | D:11     | Noticed a death yak
  8855 | D:11     | Killed a two-headed ogre
  8858 | D:11     | Killed a death yak
  8858 | D:11     | Reached ***** piety under Okawaru
  8870 | D:10     | Killed a death yak
  8871 | D:10     | Reached skill level 5 in Invocations
  8913 | D:11     | Killed a death yak
  8914 | D:11     | Reached skill level 5 in Throwing
  8970 | D:10     | Reached skill level 13 in Axes
  9037 | D:10     | Reached skill level 10 in Fighting
  9044 | D:11     | Identified the +2 pair of boots of Virtue {rElec rF++ Str-5
                  | Dex-3} (Okawaru gifted it to you on level 11 of the
                  | Dungeon)
  9044 | D:11     | Received a gift from Okawaru
  9067 | D:11     | Reached skill level 10 in Armour
  9136 | D:11     | Found a staircase to the Orcish Mines.
  9189 | D:11     | Noticed Harold
  9189 | D:11     | Paralysed by Harold for 2 turns
  9203 | D:11     | Killed Harold
  9204 | D:11     | Reached skill level 10 in Shields
  9252 | D:11     | Found a staircase to the Lair.
  9327 | D:11     | Noticed Fannar
  9347 | D:11     | Killed Fannar
  9755 | Lair:1   | Entered Level 1 of the Lair of Beasts
  9755 | Lair:1   | Found an opulent altar of Gozag.
  9764 | Lair:1   | Reached XP level 12. HP: 107/107 MP: 15/15
  9958 | Lair:1   | Reached skill level 14 in Axes
  9971 | Lair:1   | Received a gift from Okawaru
 10333 | Lair:1   | Received a gift from Okawaru
 10537 | Lair:1   | Noticed a boulder beetle
 10557 | Lair:1   | Killed a boulder beetle
 10608 | Lair:1   | You fall into a shaft and drop 1 floor!
 10646 | Lair:2   | Received a gift from Okawaru
 11072 | Lair:2   | Reached skill level 15 in Axes
 11083 | Lair:2   | Identified the +4 hand axe "Appep" {pain, Dex+4} (Okawaru
                  | gifted it to you on level 2 of the Lair of Beasts)
 11083 | Lair:2   | Received a gift from Okawaru
 11173 | Lair:2   | Found a staircase to the Snake Pit.
 11192 | Lair:2   | Reached XP level 13. HP: 39/116 MP: 9/17
 11649 | Lair:3   | Found a staircase to the Shoals.
 12714 | Lair:4   | Received a gift from Okawaru
 12715 | Lair:4   | Reached skill level 16 in Axes
 12903 | Lair:4   | Received a gift from Okawaru
 12962 | Lair:4   | Found a viscous altar of Jiyva.
 12962 | Lair:4   | Found a staircase to the Slime Pits.
 13338 | Lair:5   | Entered Level 5 of the Lair of Beasts
 13413 | Lair:5   | Received a gift from Okawaru
 13650 | Lair:5   | Received a gift from Okawaru
 13651 | Lair:5   | Reached XP level 14. HP: 96/127 MP: 19/19
 14073 | Lair:5   | Found a runed translucent door.
 14125 | Lair:5   | Noticed Snorg
 14150 | Lair:5   | Killed Snorg
 14413 | Lair:5   | Received a gift from Okawaru
 14588 | Lair:5   | Reached skill level 17 in Axes
 14603 | Lair:5   | Received a gift from Okawaru
 14697 | Lair:5   | Received a gift from Okawaru
 15280 | D:12     | Noticed Kirke
 15487 | D:12     | Mangled by Kirke

Illustrated notes

Levels and vault maps discovered:
D:1:      saegor_arrival_miasma, layout_rooms
D:2:      layout_loops_ring, minmay_unequal
D:3:      layout_basic, nemelex_diamond_rough_becter, saegor_snake_ambush
D:4:      layout_basic, tgw_trog, lemuel_doored_altar,
          grunt_temple_overflow_holy_war, chequers_serial_rivers_small_a,
          uniq_menkaure, uniq_eustachio
D:5:      dreamdust_elfheim, layout_loops_cross, nicolae_dithmenos_the_darkroom
D:6:      layout_cave_pools, minivault_26, st_stairs_8
D:7:      layout_loops_ring, minmay_temple_entry_drinking_statues, serial_shops,
          shop
D:8:      layout_loops_corners, amcnicky_altar_gilded, nicolae_zen_rock_garden
D:9:      layout_long_grid, the_hattery
D:10:     layout_roguey, kennysheep_little_box,
          nicolae_qazlal_scattered_showers, nicolae_figureground_pulse,
          uniq_lodul
D:11:     layout_cave_pools, dpeg_lair_monsters, zombieorc2_lemuel, uniq_urug,
          uniq_fannar, uniq_harold
D:12:     layout_rooms, dk_noncrumbling_3, uniq_kirke
Temple:   nicolae_temple_bog_church
Lair:1:   kb_forest_paths, layout_regular_city, basic_altar,
          serial_bayou_shore_b, lemuel_fruit_fields
Lair:2:   layout_roguey, guppyfry_snake_entry_island
Lair:3:   layout_gridlike, elwin_shoals_entry_stream, serial_bayou_lagoon_b
Lair:4:   layout_long_grid, dpeg_slime_entry_enclosed
Lair:5:   wormcave, layout_small_grid, hangedman_lair_in_review, st_stairs_3,
          uniq_snorg

Skill      XL: |  1  2  3  4  5  6  7  8  9 10 11 12 13 14 |
---------------+-------------------------------------------+-----
Axes           | 3 4 5 6 7 9 10 12 13 15 16 17 | 17.4
Fighting       | 4 5 6 7 8 9 10 11 12 13 | 13.1
Shields        | 4 5 6 7 8 9 10 11 12 | 12.9
Armour         | 4 5 6 7 8 9 10 11 12 13 | 13.0
Throwing       | 2 4 5 7 8 9 |  9.0
Invocations    | 2 4 5 7 8 9 |  9.1

Action                   |  1- 3 |  4- 6 |  7- 9 | 10-12 | 13-15 || total
-------------------------+-------+-------+-------+-------+-------++-------
Melee: War axe           |    87 |   124 |   279 |   507 |   287 ||  1284
       Headbutt          |     8 |    21 |    47 |   100 |   145 ||   321
       Broad axe         |       |       |       |       |   237 ||   237
       Unarmed           |       |       |       |       |     8 ||     8
Throw: Dart              |       |     4 |       |       |       ||     4
       Boomerang         |       |     3 |     9 |    21 |    13 ||    46
Invok: Heroism           |       |       |     3 |    14 |    10 ||    27
       Finesse           |       |       |       |     7 |     7 ||    14
  Use: Scroll            |     2 |     6 |    13 |     5 |    10 ||    36
       Potion            |       |     1 |       |       |       ||     1
 Stab: Petrified         |       |       |       |       |     3 ||     3
Armor: Scale mail        |    19 |       |       |       |       ||    19
       Chain mail        |    35 |    71 |   110 |       |       ||   216
       Plate armour      |       |       |    33 |   259 |   360 ||   652
Dodge: Dodged            |    40 |    50 |   110 |   258 |   340 ||   798
Block: Buckler           |    26 |    22 |    75 |   208 |   233 ||   564

Table legend: (Time is in decaauts)
 A = Elapsed time spent in this place.
 B = Non-inter-level travel time spent in this place.
 C = Inter-level travel time spent in this place.
 D = Time resting spent in this place.
 E = Time spent auto-exploring this place.
 F = Levels seen in this place.
 G = Mean time per level.
                   A        B        C        D        E       F      G
               +--------+--------+--------+--------+--------+-----+--------+
         Total |  15403 |  14906 |    497 |    526 |   7291 |  18 |  855.7 |
       Dungeon |  10029 |   9774 |    255 |    488 |   4925 |  12 |  835.8 |
        Temple |     63 |     48 |     15 |      0 |     34 |   1 |   63.0 |
          Lair |   5309 |   5082 |    227 |     38 |   2331 |   5 | 1061.8 |
               +--------+--------+--------+--------+--------+-----+--------+

Top non-repeatable levels by time:
  Lair:5: 1498 daAuts
     D:4: 1459 daAuts
  Lair:1: 1296 daAuts
     D:8: 1037 daAuts
    D:11: 971 daAuts
    D:10: 966 daAuts
     D:3: 957 daAuts
  Lair:3: 902 daAuts
     D:2: 886 daAuts
     D:5: 849 daAuts
     D:7: 812 daAuts
  Lair:2: 812 daAuts
  Lair:4: 800 daAuts
     D:9: 742 daAuts
     D:6: 648 daAuts
